| TOP OF THE 1ST |
|
Pulaski Counts batting - Pitching for Blacksburg Tribe : RHP Edgardo Maciel
|
|
Pitching: RHP Edgardo Maciel
|
|
|
Batting: RHB Eric Jones
|
0-0: Called Strike 0-1: Ball 1-1: Foul Ball, location: 2F 1-2: Strikes out swinging
|
|
Batting: RHB Brett Benza
|
0-0: Ball 1-0: Ball 2-0: Ball 3-0: Called Strike 3-1: Base on Balls
|
|
Batting: RHB John DiGioia
|
0-0: Ball 1-0: Grounds into double play, 4-6-3 (Groundball, 4, EV 88.1 MPH)
|
| Top of the 1st over - 0 runs, 0 hits, 0 errors, 0 left on base; Pulaski 0 - Blacksburg 0 |
| BOTTOM OF THE 1ST |
|
Blacksburg Tribe batting - Pitching for Pulaski Counts : RHP Ramon Toro
|
|
Pitching: RHP Ramon Toro
|
|
|
Batting: RHB Jesus Alcala
|
0-0: Ground out 5-3 (Groundball, 56, EV 89.4 MPH)
|
|
Batting: LHB Butch Kirby
|
0-0: Ball 1-0: Swinging Strike 1-1: SINGLE (Groundball, 34D, EV 102.5 MPH)
|
|
Batting: LHB George Cecchetti
|
0-0: Ball 1-0: Swinging Strike 1-1: Ball 2-1: DOUBLE (Groundball, 3L, EV 105.0 MPH) Butch Kirby to third Runner from 3rd tries for Home, SAFE, no throw by RF
|
|
Batting: RHB Alwin Creel
|
0-0: Ball George Cecchetti steals 3rd, throwing error, E2 George Cecchetti scores 1-0: Called Strike 1-1: Swinging Strike 1-2: SINGLE (Groundball, 56S, EV 61.9 MPH) (infield hit)
|
|
Batting: RHB Omar Mora
|
0-0: Ball 1-0: Ball 2-0: Ball 3-0: Called Strike 3-1: Ground out 6-3 (Groundball, 6S, EV 66.9 MPH) Alwin Creel to second
|
|
Batting: LHB Jose Infante
|
0-0: Ball 1-0: Ball 2-0: Foul Ball, location: 2F 2-1: Ball 3-1: Fly out, F4 (Line Drive, 4, EV 69.4 MPH)
|
| Bottom of the 1st over - 2 runs, 3 hits, 1 error, 1 left on base; Pulaski 0 - Blacksburg 2 |
| TOP OF THE 2ND |
|
Pulaski Counts batting - Pitching for Blacksburg Tribe : RHP Edgardo Maciel
|
|
Batting: LHB Claudio Rodriguez
|
0-0: Swinging Strike 0-1: Called Strike 0-2: Ball 1-2: Foul Ball, location: 2F 1-2: Fly out, F8 (Line Drive, 8LM, EV 89.4 MPH)
|
|
Batting: SHB Steve Walker
|
0-0: Ball 1-0: SINGLE (Groundball, 34D, EV 101.3 MPH) (infield hit)
|
|
Batting: RHB Elias Guzman
|
0-0: Called Strike Steve Walker is caught stealing 2nd base 2-4 0-1: Foul Ball, location: 2F 0-2: Ball 1-2: Ground out 6-3 (Groundball, 6, EV 89.4 MPH)
|
| Top of the 2nd over - 0 runs, 1 hit, 0 errors, 0 left on base; Pulaski 0 - Blacksburg 2 |
| BOTTOM OF THE 2ND |
|
Blacksburg Tribe batting - Pitching for Pulaski Counts : RHP Ramon Toro
|
|
Batting: RHB Mike Isherwood
|
0-0: Called Strike 0-1: Called Strike 0-2: Foul Ball, location: 2F 0-2: SINGLE (Line Drive, 34, EV 98.8 MPH)
|
|
Batting: SHB Gary Miller-Jones
|
0-0: Ball 1-0: Called Strike 1-1: Foul Ball, location: 2F 1-2: Foul Ball, location: 2F 1-2: Grounds into double play, 4-6-3 (Groundball, 4, EV 82.5 MPH)
|
|
Batting: RHB Michael Lanum
|
0-0: Ball 1-0: Called Strike 1-1: Called Strike 1-2: Strikes out swinging
|
| Bottom of the 2nd over - 0 runs, 1 hit, 0 errors, 0 left on base; Pulaski 0 - Blacksburg 2 |
| TOP OF THE 3RD |
|
Pulaski Counts batting - Pitching for Blacksburg Tribe : RHP Edgardo Maciel
|
|
Batting: RHB Scott Beals
|
0-0: Foul Ball, location: 2F 0-1: Foul Ball, location: 2F 0-2: Ball 1-2: Ball 2-2: Strikes out swinging, 2-3 out at first.
|
|
Batting: RHB Dario Vasquez
|
0-0: Called Strike 0-1: Called Strike 0-2: Strikes out swinging
|
|
Batting: RHB Edwin Marquez
|
0-0: Foul Ball, location: 2F 0-1: Fly out, F4 (Popup, 4, EV 56.3 MPH)
|
| Top of the 3rd over - 0 runs, 0 hits, 0 errors, 0 left on base; Pulaski 0 - Blacksburg 2 |
| BOTTOM OF THE 3RD |
|
Blacksburg Tribe batting - Pitching for Pulaski Counts : RHP Ramon Toro
|
|
Batting: RHB Jesus Alcala
|
0-0: Ball 1-0: Ball 2-0: Ball 3-0: Called Strike 3-1: Foul Ball, location: 2F 3-2: Foul Ball, location: 2F 3-2: DOUBLE (Line Drive, 5D, EV 100.6 MPH)
|
|
Batting: LHB Butch Kirby
|
0-0: Called Strike 0-1: Called Strike 0-2: Foul Ball, location: 2F 0-2: Strikes out swinging
|
|
Batting: LHB George Cecchetti
|
0-0: Called Strike 0-1: Foul Ball, location: 2F 0-2: Ground out 1-3 (Groundball, P, EV 68.8 MPH) Jesus Alcala to third
|
|
Batting: RHB Alwin Creel
|
0-0: SINGLE (Groundball, 6D, EV 103.1 MPH) Jesus Alcala scores
|
|
Batting: RHB Omar Mora
|
0-0: SINGLE (Flyball, 5D, EV 101.9 MPH) Alwin Creel to second
|
|
Batting: LHB Jose Infante
|
0-0: Ball 1-0: Ball 2-0: Fly out, F8 (Flyball, 8LS, EV 83.1 MPH)
|
| Bottom of the 3rd over - 1 run, 3 hits, 0 errors, 2 left on base; Pulaski 0 - Blacksburg 3 |
| TOP OF THE 4TH |
|
Pulaski Counts batting - Pitching for Blacksburg Tribe : RHP Edgardo Maciel
|
|
Batting: RHB Eric Jones
|
0-0: Ball 1-0: Foul Ball, location: 2F 1-1: Foul Ball, location: 2F 1-2: Ball 2-2: Strikes out swinging
|
|
Batting: RHB Brett Benza
|
0-0: Called Strike 0-1: Called Strike 0-2: Ball 1-2: SINGLE (Groundball, 6MD, EV 96.9 MPH)
|
|
Batting: RHB John DiGioia
|
0-0: Called Strike Brett Benza steals 2nd base 0-1: Swinging Strike 0-2: Ball 1-2: Strikes out looking
|
|
Batting: LHB Claudio Rodriguez
|
0-0: Ball 1-0: Foul Ball, location: 2F 1-1: Called Strike 1-2: Ground out U3 (Groundball, 3, EV 89.4 MPH)
|
| Top of the 4th over - 0 runs, 1 hit, 0 errors, 1 left on base; Pulaski 0 - Blacksburg 3 |
| BOTTOM OF THE 4TH |
|
Blacksburg Tribe batting - Pitching for Pulaski Counts : RHP Ramon Toro
|
|
Batting: RHB Mike Isherwood
|
0-0: Ball 1-0: Ball 2-0: Ball 3-0: Base on Balls
|
|
Batting: SHB Gary Miller-Jones
|
0-0: Swinging Strike 0-1: Swinging Strike 0-2: Ball 1-2: Strikes out swinging
|
|
Batting: RHB Michael Lanum
|
0-0: Ball 1-0: Ball 2-0: Ball 3-0: Called Strike 3-1: Base on Balls Mike Isherwood to second
|
|
Batting: RHB Jesus Alcala
|
0-0: Ball 1-0: Ground out 5-3 (Groundball, 56S, EV 69.4 MPH) Mike Isherwood to third Michael Lanum to second
|
|
Batting: LHB Butch Kirby
|
0-0: Ball 1-0: Called Strike 1-1: Ball 2-1: Ball 3-1: Called Strike 3-2: Foul Ball, location: 2F 3-2: Base on Balls
|
|
Batting: LHB George Cecchetti
|
0-0: Called Strike 0-1: Ball 1-1: Foul Ball, location: 2F 1-2: SINGLE (Line Drive, 9LS, EV 110.6 MPH) Mike Isherwood scores Michael Lanum to third Butch Kirby to second Runner from 3rd tries for Home, SAFE, throw by RF to home
|
|
Batting: RHB Alwin Creel
|
0-0: Fly out, F7 (Flyball, 7, EV 87.5 MPH)
|
| Bottom of the 4th over - 2 runs, 1 hit, 0 errors, 2 left on base; Pulaski 0 - Blacksburg 5 |
| TOP OF THE 5TH |
|
Pulaski Counts batting - Pitching for Blacksburg Tribe : RHP Edgardo Maciel
|
|
Batting: SHB Steve Walker
|
0-0: Called Strike 0-1: Swinging Strike 0-2: Ball 1-2: Strikes out swinging
|
|
Batting: RHB Elias Guzman
|
0-0: Called Strike 0-1: Swinging Strike 0-2: Ball 1-2: Ball 2-2: Ball 3-2: Foul Ball, location: 2F 3-2: Strikes out looking
|
|
Batting: RHB Scott Beals
|
0-0: Ball 1-0: Ball 2-0: Called Strike 2-1: Called Strike 2-2: Fly out, F7 (Line Drive, 7D, EV 88.1 MPH)
|
| Top of the 5th over - 0 runs, 0 hits, 0 errors, 0 left on base; Pulaski 0 - Blacksburg 5 |
| BOTTOM OF THE 5TH |
|
Blacksburg Tribe batting - Pitching for Pulaski Counts : RHP Ramon Toro
|
|
Batting: RHB Omar Mora
|
0-0: Ball 1-0: Ball 2-0: Called Strike 2-1: Ground out 6-3 (Groundball, 6, EV 90.0 MPH)
|
|
Batting: LHB Jose Infante
|
0-0: Ball 1-0: Ground out 4-3 (Groundball, 4, EV 89.4 MPH)
|
|
Batting: RHB Mike Isherwood
|
0-0: Ball 1-0: Foul Ball, location: 2F 1-1: DOUBLE (Line Drive, 7LM, EV 98.8 MPH)
|
|
Batting: SHB Gary Miller-Jones
|
0-0: Ball 1-0: Ground out U3 (Groundball, 3, EV 80.6 MPH)
|
| Bottom of the 5th over - 0 runs, 1 hit, 0 errors, 1 left on base; Pulaski 0 - Blacksburg 5 |
| TOP OF THE 6TH |
|
Pulaski Counts batting - Pitching for Blacksburg Tribe : RHP Edgardo Maciel
|
|
Batting: RHB Dario Vasquez
|
0-0: Ball 1-0: Ball 2-0: Foul Ball, location: 2F 2-1: Ball 3-1: Base on Balls
|
|
Batting: RHB Edwin Marquez
|
0-0: Swinging Strike 0-1: Ball 1-1: Foul Ball, location: 2F 1-2: Strikes out swinging
|
|
Batting: RHB Eric Jones
|
0-0: Swinging Strike 0-1: Ball 1-1: Ball 2-1: Fly out, F7 (Flyball, 7S, EV 88.1 MPH)
|
|
Batting: RHB Brett Benza
|
0-0: Ground out 4-3 (Groundball, 4, EV 78.8 MPH)
|
| Top of the 6th over - 0 runs, 0 hits, 0 errors, 1 left on base; Pulaski 0 - Blacksburg 5 |
| BOTTOM OF THE 6TH |
|
Blacksburg Tribe batting - Pitching for Pulaski Counts : RHP Ramon Toro
|
|
Batting: RHB Michael Lanum
|
0-0: Ball 1-0: Called Strike 1-1: Called Strike 1-2: Ball 2-2: Foul Ball, location: 2F 2-2: Ball 3-2: Base on Balls
|
|
Batting: RHB Jesus Alcala
|
0-0: Foul Ball, location: 2F 0-1: Ball 1-1: SINGLE (Line Drive, 4MD, EV 96.3 MPH) Michael Lanum to second
|
|
Batting: LHB Butch Kirby
|
0-0: Called Strike 0-1: Swinging Strike 0-2: Ball 1-2: Ball 2-2: SINGLE (Line Drive, 8RS, EV 110.6 MPH) Michael Lanum to third Jesus Alcala to second Runner from 3rd tries for Home, SAFE, throw by CF to home
|
|
Pitching: RHP Dorn Taylor
|
|
|
Batting: LHB George Cecchetti
|
0-0: Fly out, F8 (Flyball, 78M, EV 73.8 MPH)
|
|
Batting: RHB Alwin Creel
|
0-0: Fly out, F9 (Flyball, 9S, EV 91.3 MPH)
|
|
Batting: RHB Omar Mora
|
0-0: Fly out, F9 (Flyball, 9LM, EV 101.9 MPH)
|
| Bottom of the 6th over - 1 run, 2 hits, 0 errors, 2 left on base; Pulaski 0 - Blacksburg 6 |
| TOP OF THE 7TH |
|
Pulaski Counts batting - Pitching for Blacksburg Tribe : RHP Edgardo Maciel
|
|
Batting: RHB John DiGioia
|
0-0: Ball 1-0: Fly out, F2 (Popup, 2RF, EV 92.5 MPH)
|
|
Batting: LHB Claudio Rodriguez
|
0-0: Foul Ball, location: 2F 0-1: Foul Ball, location: 2F 0-2: Strikes out looking
|
|
Batting: SHB Steve Walker
|
0-0: Fly out, F4 (Flyball, 4D, EV 83.8 MPH)
|
| Top of the 7th over - 0 runs, 0 hits, 0 errors, 0 left on base; Pulaski 0 - Blacksburg 6 |
| BOTTOM OF THE 7TH |
|
Blacksburg Tribe batting - Pitching for Pulaski Counts : RHP Dorn Taylor
|
|
Batting: LHB Jose Infante
|
0-0: Foul Ball, location: 2F 0-1: Fly out, F8 (Flyball, 8RD, EV 95.0 MPH)
|
|
Batting: RHB Mike Isherwood
|
0-0: Ball 1-0: Ground out 5-3 (Groundball, 5L, EV 79.4 MPH)
|
|
Batting: SHB Gary Miller-Jones
|
0-0: Ground out U3 (Groundball, 3, EV 88.8 MPH)
|
| Bottom of the 7th over - 0 runs, 0 hits, 0 errors, 0 left on base; Pulaski 0 - Blacksburg 6 |
| TOP OF THE 8TH |
|
Pulaski Counts batting - Pitching for Blacksburg Tribe : RHP Edgardo Maciel
|
|
Batting: RHB Elias Guzman
|
0-0: Ball 1-0: Fly out, F7 (Flyball, 7LM, EV 88.1 MPH)
|
|
Batting: RHB Scott Beals
|
0-0: Called Strike 0-1: Ball 1-1: Foul Ball, location: 2F 1-2: Foul Ball, location: 2F 1-2: Ball 2-2: Foul Ball, location: 2F 2-2: Fly out, F6 (Flyball, 6D, EV 97.5 MPH)
|
|
Batting: RHB Dario Vasquez
|
0-0: SINGLE (Flyball, 7, EV 96.3 MPH)
|
|
Batting: RHB Edwin Marquez
|
0-0: Swinging Strike 0-1: Ball 1-1: Foul Ball, location: 2F 1-2: Strikes out swinging
|
| Top of the 8th over - 0 runs, 1 hit, 0 errors, 1 left on base; Pulaski 0 - Blacksburg 6 |
| BOTTOM OF THE 8TH |
|
Blacksburg Tribe batting - Pitching for Pulaski Counts : RHP Dorn Taylor
|
|
Batting: RHB Michael Lanum
|
0-0: Ball 1-0: Ball 2-0: Called Strike 2-1: Fly out, F7 (Flyball, 78S, EV 90.0 MPH)
|
|
Batting: RHB Jesus Alcala
|
0-0: Ball 1-0: Ball 2-0: Foul Ball, location: 2F 2-1: Swinging Strike 2-2: Ball 3-2: Strikes out swinging
|
|
Batting: LHB Butch Kirby
|
0-0: Called Strike 0-1: Ball 1-1: Ball 2-1: Ball 3-1: Swinging Strike 3-2: Base on Balls
|
|
Batting: LHB George Cecchetti
|
0-0: Called Strike 0-1: Ball 1-1: Swinging Strike 1-2: DOUBLE (Line Drive, 7LM, EV 93.8 MPH) Butch Kirby to third Runner from 3rd tries for Home, SAFE, no throw by LF
|
|
Batting: RHB Alwin Creel
|
0-0: Called Strike 0-1: Hit by Pitch
|
|
Batting: RHB Omar Mora
|
0-0: Ball 1-0: Called Strike 1-1: Ball 2-1: Called Strike 2-2: Ball 3-2: Strikes out swinging
|
| Bottom of the 8th over - 1 run, 1 hit, 0 errors, 2 left on base; Pulaski 0 - Blacksburg 7 |
| TOP OF THE 9TH |
|
Pulaski Counts batting - Pitching for Blacksburg Tribe : RHP Edgardo Maciel
|
|
Batting: RHB Eric Jones
|
0-0: Ball 1-0: Ground out 5-3 (Groundball, 56S, EV 84.4 MPH)
|
|
Batting: RHB Brett Benza
|
0-0: Ground out 1-3 (Groundball, 13S, EV 72.5 MPH)
|
|
Batting: RHB John DiGioia
|
0-0: Foul Ball, location: 2F 0-1: Ball 1-1: Ball 2-1: Ball 3-1: Foul Ball, location: 2F 3-2: SINGLE (Line Drive, 6MD, EV 99.4 MPH)
|
|
Batting: LHB Claudio Rodriguez
|
0-0: Ball 1-0: Swinging Strike 1-1: Foul Ball, location: 2F 1-2: Ball 2-2: Strikes out swinging
|
| Top of the 9th over - 0 runs, 1 hit, 0 errors, 1 left on base; Pulaski 0 - Blacksburg 7 |
|